 Dungeon Crawl Stone Soup version 0.17.1-3-g152610e (webtiles) character file.

354 ololoev the Slasher (level 6, 0/47 HPs)
             Began as a Mummy Chaos Knight on Apr 28, 2016.
             Slain by Prince Ribbit the queen bee (5 damage)
             ... on level 5 of the Dungeon.
             The game lasted 00:05:25 (3575 turns).

ololoev the Slasher (Mummy Chaos Knight)            Turns: 3575, Time: 00:05:25

Health: 0/47       AC: 10    Str: 17    XL:     6   Next: 35%
Magic:  6/6        EV: 11    Int: 12    God:    Xom [..*...]
Gold:   251        SH:  0    Dex: 11    Spells: 0 memorised, 5 levels left

rFire  . . .     SeeInvis .     b - +0 blowgun
rCold  . . .     Clarity  .     k - +2 leather armour
rNeg   + + +     SustAt   .     (no shield)
rPois  ∞         Gourm    .     (no helmet)
rElec  .         Spirit   .     p - +0 cloak
rCorr  .         Warding  .     v - +0 pair of gloves
rMut   .         Stasis   .     u - +0 pair of boots
MR     .....                    (no amulet)
Stlth  +.........               q - ring of fire
                                d - +2 ring of protection

@: not resistant to hostile enchantments, very unstealthy
A: no food or potions, fire vulnerability, cold resistance 1, negative energy
resistance 3, torment resistance, unbreathing
a: Renounce Religion


Innate Abilities, Weirdness & Mutations

You do not eat or drink.
Your flesh is vulnerable to fire.
You are immune to poison.
Your flesh is cold resistant.
You are immune to negative energy.
You are immune to unholy pain and torment.
You can survive without breathing.

Inventory:

Hand Weapons
 a - a +0 falchion of chaos
 b - a +0 blowgun (weapon)
Missiles
 l - 4 poisoned needles (quivered)
 r - 8 curare-tipped needles
Armour
 k - a +2 leather armour (worn)
 p - a +0 cloak (worn)
 u - a +0 pair of boots (worn)
 v - a +0 pair of gloves (worn)
Jewellery
 d - a +2 ring of protection (left hand)
 o - an uncursed amulet of rage {unknown}
 q - a ring of fire (right hand)
Scrolls
 c - 2 scrolls of remove curse {unknown}
 e - a scroll of magic mapping {unknown}
 f - 3 scrolls of teleportation {unknown}
 g - a scroll of noise {unknown}
 h - 6 scrolls of identify {unknown}
 i - 2 scrolls of enchant armour {unknown}
 j - a scroll of fog {unknown}
 m - 2 scrolls of enchant weapon {unknown}
 n - a scroll of fear {unknown}
 s - a scroll of amnesia {unknown}
 w - a scroll of blinking {unknown}
Books
 t - a book of Beasts

   Spells                             Type                      Level
   a - Summon Butterflies             Summoning                    1
   b - Call Canine Familiar           Summoning                    3
   c - Summon Ice Beast               Ice/Summoning                4
   d - Summon Mana Viper              Hexes/Summoning              5
   e - Summon Hydra                   Summoning                    7


   Skills:
 - Level 3.0 Fighting
 + Level 6.0 Long Blades
 - Level 1.5 Armour
 - Level 0.7 Dodging


You had 5 spell levels left.
You didn't know any spells.


You were on level 5 of the Dungeon.
You worshipped Xom.
You were a toy of Xom.
You were not hungry.

You visited 1 branch of the dungeon, and saw 6 of its levels.

You collected 251 gold pieces.

... .... ... ##
#.. .# #.# .#
#.#####.##
#.########.##.....
.......@y.(##.##.#
###..####..#.>(#.#
#.)........#...#
..####.##...###
...###### #####

Notes
Turn   | Place    | Note
--------------------------------------------------------------
     0 | D:1      | ololoev the Mummy Chaos Knight began the quest for the Orb.
     0 | D:1      | Reached XP level 1. HP: 18/18 MP: 1/1
     8 | D:1      | XOM: harmless Chrm miscast
   139 | D:1      | Reached XP level 2. HP: 21/24 MP: 2/2
   687 | D:1      | XOM: divination: detect creatures
   696 | D:1      | XOM: harmless Chrm miscast
   981 | D:2      | XOM: potion effect (might)
   982 | D:2      | Reached XP level 3. HP: 27/29 MP: 3/3
  1111 | D:2      | Found a shattered altar of Ashenzari.
  1339 | D:2      | Reached skill level 4 in Long Blades
  1565 | D:2      | XOM: harmless Chrm miscast
  1752 | D:3      | Reached XP level 4. HP: 35/35 MP: 4/4
  1916 | D:3      | XOM: mild Tloc miscast
  1917 | D:3      | Noticed a spatial vortex
  2277 | D:3      | XOM: scenery: 1 doors open
  2583 | D:3      | Found a shadowy altar of Dithmenos.
  3030 | D:4      | XOM: divination: detect creatures
  3074 | D:4      | XOM: harmless Air miscast
  3082 | D:4      | Reached XP level 5. HP: 35/41 MP: 5/5
  3149 | D:4      | XOM: harmless Summ miscast
  3154 | D:4      | Reached skill level 5 in Long Blades
  3270 | D:4      | You fall through a shaft for 2 floors!
  3325 | D:6      | Noticed a centaur
  3335 | D:6      | XOM: divination: detect items
  3339 | D:6      | XOM: cast spell 'Metabolic Englaciation'
  3349 | D:6      | Killed a centaur
  3349 | D:6      | Reached XP level 6. HP: 25/47 MP: 6/6
  3357 | D:6      | Reached skill level 6 in Long Blades
  3496 | D:6      | XOM: divination: magic mapping
  3542 | D:5      | Entered Level 5 of the Dungeon
  3544 | D:5      | Noticed Prince Ribbit
  3567 | D:5      | Noticed Prince Ribbit
  3567 | D:5      | Prince Ribbit changed into Prince Ribbit the queen bee
  3575 | D:5      | Slain by Prince Ribbit the queen bee

Dungeon Overview and Level Annotations

Branches:
Dungeon (6/15)
 Temple: D:4-7

Altars:
Ashenzari
Dithmenos

Annotations:
D:5 Prince Ribbit


Message History

Prince Ribbit is moderately wounded.
Prince Ribbit barely misses you.
You hit Prince Ribbit.
Prince Ribbit is heavily wounded.
Prince Ribbit hits you but does no damage.
Prince Ribbit hits you.
You hit Prince Ribbit.
Prince Ribbit's magic leaks into the air.
Prince Ribbit is heavily wounded.
Prince Ribbit closely misses you.
You closely miss Prince Ribbit.
Prince Ribbit is heavily wounded.
Prince Ribbit hits you but does no damage.
You hit Prince Ribbit.
You feel better.
Prince Ribbit is heavily wounded.
Prince Ribbit misses you. Prince Ribbit hits you!
You hit Prince Ribbit.
Prince Ribbit is severely wounded.
Prince Ribbit croaks regally.
Prince Ribbit misses you.
You closely miss Prince Ribbit.
Prince Ribbit is severely wounded.
Prince Ribbit blinks!
You hit Prince Ribbit.
Prince Ribbit evaporates and reforms as a queen bee!
Xom thinks this is hilarious!
Prince Ribbit is heavily wounded.
Prince Ribbit stings you.
Found a scroll labeled CORINE ASHRAPH.
Found a glowing dagger.
You see here a scroll labeled CORINE ASHRAPH.
b - a +0 blowgun (weapon)
Firing (i - inventory. (,) - cycle):
l - 5 poisoned needles (quivered)
Press: ? - help, Shift-Dir - straight line, f - Prince Ribbit
Aim: Prince Ribbit the queen bee (heavily wounded)
You shoot a poisoned needle.
The poisoned needle barely misses Prince Ribbit.
Prince Ribbit stings you.
You die...
Xom is highly amused!

You could see Prince Ribbit the queen bee.

Vanquished Creatures
  A centaur (D:6)
  A giant frog (D:6)
  A scorpion (D:4)
  A hound (D:6)
  A worker ant (D:4)
  4 adders
  2 oozes (D:2)
  3 worms
  8 orcs (D:3)
  3 ball pythons
  6 bats
  3 hobgoblins (D:1)
  11 kobolds
  2 quokkas
  6 giant cockroaches
  6 giant newts
  6 goblins
  7 rats
72 creatures vanquished.

Action                   |  1- 3 |  4- 6 || total
-------------------------+-------+-------++-------
Melee: Falchion          |   107 |   114 ||   221
 Fire: Blowgun           |       |    16 ||    16
 Stab: Sleeping          |       |     1 ||     1
       Petrifying        |       |     1 ||     1

Vault maps used:
D:1:      sevenhm_arrival_forest_fort_large_1, minmay_misc_feat_roman
D:2:      lemuel_doored_altar
D:3:      first_bread, kennysheep_minor_cross, grunt_dithmenos_smoke
D:5:      kennysheep_mini_moat, grunt_temple_overflow_diamond, sigmund_army,
          uniq_prince_ribbit1
D:6:      st_stairs_10, bloody_trog, uniq_edmund, uniq_sigmund
